 Dungeon Crawl Stone Soup version 0.25-a0-617-g20d90ebb82 (console) character file.

Game seed: 16459926598430386559, levelgen mode: classic

590 Duffy the Ruffian (level 7, 52/52 HPs)
             Began as a Yellow Draconian Transmuter on Mar 18, 2020.
             Was an Initiate of Gozag.
             Quit the game on level 4 of the Dungeon.
             The game lasted 00:04:47 (4662 turns).

Duffy the Ruffian (Yellow Draconian Transmuter)     Turns: 4662, Time: 00:04:48

Health: 52/52      AC:  6    Str: 12    XL:     7   Next: 15%
Magic:  11/11      EV: 12    Int: 16    God:    Gozag
Gold:   194        SH:  0    Dex: 11    Spells: 5/11 levels left

rFire    . . .     SeeInvis .     - Unarmed
rCold    . . .     Gourm    .   (no shield)
rNeg     . . .     Faith    .   (armour unavailable)
rPois    .         Spirit   .   (helmet restricted)
rElec    .         Reflect  .   (no cloak)
rCorr    +         Harm     .   (no gloves)
MR       .....                  (no boots)
Stlth    +.........             (no amulet)
HPRegen  0.17/turn              p - ring of flight
MPRegen  0.12/turn              (no ring)

@: gold aura
A: spit acid, unfitting armour, cold-blooded, acid resistance, AC +6
a: Breathe Acid, Potion Petition, Call Merchant, Bribe Branch, Renounce
Religion, Evoke Flight


You were on level 4 of the Dungeon.
You worshipped Gozag.
Gozag was aware of your devotion.
You were not hungry.

You visited 1 branch of the dungeon, and saw 5 of its levels.

You collected 252 gold pieces.
You paid 58 gold pieces to Gozag.

Inventory:

Missiles
 a - 49 arrows
 m - a throwing net (quivered)
Armour
 b - a +0 tower shield
Jewellery
 f - an uncursed ring of ice
 p - a ring of flight (left hand)
Scrolls
 e - a scroll of magic mapping {unknown}
 i - a scroll of fear {unknown}
 j - a scroll of remove curse {unknown}
 l - 3 scrolls of identify {unknown}
 o - a scroll of enchant weapon {unknown}
Potions
 d - 3 potions of lignification {unknown}
 g - 3 potions of curing {unknown}
 h - 2 potions of degeneration {unknown}
 k - 3 potions of might {unknown}
 q - a potion of invisibility {unknown}
 r - a potion of magic {unknown}
Comestibles
 c - 9 rations


   Skills:
 - Level 1.1 Fighting
 - Level 1.7 Dodging
 + Level 7.6 Unarmed Combat
 + Level 2.9 Spellcasting
 - Level 2.0 Transmutations
 - Level 2.0 Poison Magic


You had 5 spell levels left.
You knew the following spells:

 Your Spells              Type           Power        Failure   Level  Hunger
h - Spider Form           Tmut/Pois      #.........   26%         3    ###....
j - Beastly Appendage     Tmut           #.....       9%          1    #......
k - Sticks to Snakes      Tmut           #.......     13%         2    ##.....

Your spell library contained the following spells:

 Spells                   Type           Power        Failure   Level  Hunger
 Ice Form                 Ice/Tmut       #.......     77%         4    #####..
 Blade Hands              Tmut           #.........   93%         5    ######.


Dungeon Overview and Level Annotations

Branches:
Dungeon (5/15)
 Temple: D:4-7

Altars:
Gozag
Qazlal
Uskayaw
Yredelemnul

Shops:
D:4 =


Innate Abilities, Weirdness & Mutations

You can spit globs of acid.
Your golden yellow scales are hard. (AC +6)
You cannot fit into any form of body armour.
You are cold-blooded and may be slowed by cold attacks.
You are resistant to acid. (rCorr)


Message History

The worker ant closely misses you.
You hit the worker ant.
Your tail-slap misses the worker ant.
The worker ant is almost dead.
The worker ant misses you.
You closely miss the worker ant. You tail-slap the worker ant.
The worker ant is almost dead.
The worker ant closely misses you. x2
You barely miss the worker ant.
Your tail-slap misses the worker ant.
The worker ant is almost dead.
The worker ant closely misses you.
You barely miss the worker ant.
The worker ant is almost dead.
The worker ant bites you.
You completely miss the worker ant.
The worker ant is almost dead.
The worker ant barely misses you.
You hit the worker ant.
You kill the worker ant!
You now have 194 gold pieces (gained 6).
Are you sure you want to abandon this character and quit the game? (Confirm with "yes".)

##..............##
#................#
#................#
##................##
#..................#
#....####...####...##
##....#~~~~~~~~##....##
##.....####...####......
#.....@..####...........
#.......## ###..........
#.......# #............
#......## #..######.....
#......# ..## ####..
#......##.. ### #......
# #......


There were no monsters in sight!

Vanquished Creatures
  Sigmund (D:2)
  2 howler monkeys (D:4)
  An orc priest (D:3)
  A hound (D:4)
  A centaur skeleton (D:5)
  An iguana (D:5)
  An orc wizard (D:4)
  2 worker ants (D:4)
  4 adders
  3 oozes
  5 worms
  4 dart slugs
  A leopard gecko (D:4)
  5 orcs (D:3)
  3 ball pythons
  7 giant cockroaches
  9 goblins
  11 hobgoblins
  14 jackals
  5 kobolds
  2 quokkas (D:3)
  12 bats
  5 frilled lizards
  7 rats
107 creatures vanquished.

Notes
Turn   | Place    | Note
-------+----------+-------------------------------------------
     0 | D:1      | Duffy the Draconian Transmuter began the quest for the Orb.
     0 | D:1      | Reached XP level 1. HP: 16/16 MP: 3/3
   189 | D:1      | Reached XP level 2. HP: 19/23 MP: 5/5
   699 | D:1      | Reached skill level 4 in Unarmed Combat
   804 | D:1      | Reached XP level 3. HP: 15/28 MP: 6/6
  1334 | D:2      | Noticed Sigmund
  1341 | D:1      | Learned a level 3 spell: Spider Form
  1344 | D:1      | Learned a level 2 spell: Sticks to Snakes
  1716 | D:2      | Killed Sigmund
  1716 | D:2      | Reached skill level 6 in Unarmed Combat
  1716 | D:2      | Reached XP level 4. HP: 19/35 MP: 3/7
  1716 | D:2      | Reached XP level 5. HP: 22/40 MP: 3/8
  1866 | D:2      | Found a stormy altar of Qazlal.
  1869 | D:2      | Noticed a fire elemental
  1869 | D:2      | Noticed an air elemental
  1869 | D:2      | Noticed a water elemental
  2388 | D:3      | Reached skill level 1 in Poison Magic
  2487 | D:3      | Found a hide-covered altar of Uskayaw.
  2798 | D:3      | Reached XP level 6. HP: 42/47 MP: 9/9
  2919 | D:3      | Found a faded altar of an unknown god.
  2930 | D:3      | You fall into a shaft and drop 2 floors!
  2930 | D:5      | Entered Level 5 of the Dungeon
  3205 | D:4      | Found Italayn's Jewellery Emporium.
  3328 | D:3      | Reached skill level 7 in Unarmed Combat
  3547 | D:3      | Found a basalt altar of Yredelemnul.
  3654 | D:3      | Found a stormy altar of Qazlal.
  3660 | D:3      | Found an opulent altar of Gozag.
  3679 | D:3      | Became a worshipper of Gozag Ym Sagoz the Greedy
  4248 | D:4      | Your scales start taking on a golden yellow colour.
  4248 | D:4      | Reached XP level 7. HP: 52/52 MP: 6/11
  4248 | D:4      | Gained mutation: You are resistant to acid. (rCorr) [Yellow
                  | Draconian growth]
  4662 | D:4      | Quit the game

Levels and vault maps discovered:
D:1:      scummos_arrival_simple_crosswalls, layout_rooms
D:2:      layout_rooms, serial_glass, glass_columns_a, glass_columns_a,
          glass_columns_a, glass_columns_c, serial_bayou_pond_d,
          nicolae_qazlal_style_of_elements, uniq_sigmund
D:3:      layout_basic, eat_drink_and_be_merry_uskayaw,
          grunt_temple_overflow_open, cheibrodos_sewer_entry_bend,
          chequers_ecumenical_altar_twisty
D:4:      layout_cave_pods, serial_shops, shop, chequers_serial_rivers_micro_a,
          minmay_unequal
D:5:      layout_loops_ring, chequers_temple_overflow_minitemple, led_xom_imps,
          first_ration, serial_shops, shop, uniq_ijyb

Skill      XL: |  1  2  3  4  5  6 |
---------------+-------------------+-----
Unarmed Combat | 4 6 7 |  7.6
Poison Magic   | 1 2 |  2.0
Fighting       | |  1.1
Dodging        | |  1.7
Spellcasting   | |  2.9
Transmutations | |  2.0

Action                   |  1- 3 |  4- 6 |  7- 9 || total
-------------------------+-------+-------+-------++-------
Melee: Unarmed           |   143 |   223 |    11 ||   377
       Tailslap          |    11 |    19 |     1 ||    31
       Punch             |     1 |     2 |       ||     3
 Cast: Spider Form       |     3 |    11 |       ||    14
 Abil: Breathe Acid      |       |       |     1 ||     1
 Stab: Sleeping          |     1 |       |       ||     1
  Eat: Chunk             |     2 |     7 |       ||     9
       Ration            |       |     1 |     1 ||     2
Armor: Skin              |    58 |    82 |       ||   140
Dodge: Dodged            |   126 |   186 |    10 ||   322

Table legend:
 A = Non-vault XP
 B = Vault XP
 C = Vault XP percentage of total XP
 D = Non-vault monster count
 E = Vault monster count
 F = Vault count percentage of total count
                 A         B        C        D         E       F
            +---------+---------+-------+---------+---------+-------
      Total |     541 |     302 |  35.8 |     102 |       5 |   4.7
            +---------+---------+-------+---------+---------+-------
        D:1 |      64 |       0 |   0.0 |      32 |       0 |   0.0
        D:2 |      35 |     227 |  86.6 |      16 |       1 |   5.9
        D:3 |     175 |       5 |   2.8 |      43 |       1 |   2.3
        D:4 |     188 |      70 |  27.1 |       7 |       3 |  30.0
        D:5 |      79 |       0 |   0.0 |       4 |       0 |   0.0
            +---------+---------+-------+---------+---------+-------
